Map: Neon Violet Square LE

Players

Elazer

  • Race: Zerg Zerg
  • Spawn Location: 11:00

Ryung - Winner!

  • Race: Terran Terran
  • Spawn Location: 5:00

Event: IEM Season 12 - Katowice

VOD

Have the link to the VOD?

Description

Time

  • Played on: March 2, 2018, 3:20 p.m.
  • Length: 12:38

All games in this series

Show
View Real Time Build Order
Export as new Build Order

Elazer Zerg 

Build Orders: Hatch First, Roach Hydra 

Get SALT Encoding   

  12  0:00  Drone  
  13  0:13  Overlord  
  13  0:17  Drone  
  14  0:31  Drone x2  
  16  0:49  Hatchery  
  15  0:52  Drone  
  15  0:56  Drone  
  17  1:00  Drone  
  18  1:10  Extractor  
  17  1:15  Spawning Pool  
  17  1:18  Drone  
  17  1:21  Drone  
  18  1:29  Drone  
  19  1:39  Drone  
  20  1:49  Overlord  
  20  2:01  Queen x2  
  20  2:02  Zergling x4  
  26  2:10  Metabolic Boost  
  26  2:12  Drone  
  26  2:14  Drone  
  28  2:22  Drone x2  
  30  2:37  Drone  
  30  2:42  Hatchery  
  30  2:43  Drone  
  31  2:48  Queen  
  33  2:52  Overlord  
  33  2:56  Drone  
  33  2:57  Drone  
  35  2:59  Drone  
  36  3:14  Drone x4  
  36  3:16  Drone  
  41  3:20  Overlord  
  41  3:23  Drone, Queen  
  44  3:40  Zergling x8  
  48  3:45  Overlord  
  48  3:46  Drone x2  
  50  3:48  Drone  
  50  3:55  Drone x2, Queen  
  55  4:00  Zergling x2  
  55  4:01  Queen  
  55  4:02  Overlord  
  58  4:04  Overlord  
  58  4:06  Extractor  
  58  4:08  Lair  
  57  4:11  Drone  
  58  4:20  Drone  
  58  4:21  Drone  
  58  4:22  Drone x2  
  58  4:23  Drone x2  
  64  4:26  Baneling Nest  
  64  4:30  Extractor, Overlord  
  64  4:31  Drone x2  
  64  4:33  Spore Crawler  
  60  4:46  Overlord  
  60  4:47  Drone x4  
  60  4:49  Drone  
  60  4:50  Drone x2  
  67  4:53  Drone  
  67  4:58  Overlord, Zergling x4  
  67  4:59  Zergling x2  
  71  5:01  Drone x2  
  71  5:03  Overlord  
  73  5:09  Hydralisk Den  
  73  5:10  Drone x2  
  74  5:15  Drone  
  74  5:16  Evolution Chamber  
  74  5:17  Overlord  
  74  5:19  Drone x2  
  76  5:24  Spore Crawler  
  76  5:25  Spore Crawler  
  76  5:28  Overseer  
  73  5:29  Overlord  
  73  5:31  Drone x4  
  73  5:34  Drone  
  73  5:35  Drone  
  78  5:36  Drone x2  
  78  5:39  Overlord  
  78  5:41  Zerg Missile Weapons Level 1  
  80  5:45  Overlord  
  80  5:46  Drone x2, Extractor  
  80  5:49  Drone x2  
  83  5:51  Drone x2  
  83  5:54  Drone x2  
  83  5:56  Overlord  
  87  5:58  Extractor  
  87  6:02  Roach Warren, Muscular Augments  
  85  6:07  Drone  
  85  6:08  Extractor, Hydralisk x2  
  89  6:12  Hydralisk x2  
  94  6:18  Drone x2  
  94  6:19  Infestation Pit  
  94  6:21  Hydralisk x2  
  94  6:25  Drone x3  
  98  6:26  Drone x2  
  98  6:32  Drone x2  
  100  6:41  Glial Reconstitution  
  100  6:43  Roach x5  
  110  6:48  Overlord  
  110  6:50  Roach x4  
  118  6:56  Hive  
  118  7:00  Overlord  
  118  7:02  Hydralisk x2  
  122  7:15  Hydralisk x2  
  122  7:16  Hydralisk x2, Hatchery  
  122  7:19  Grooved Spines  
  129  7:23  Drone x6  
  129  7:27  Overlord  
  129  7:28  Drone x3  
  138  7:34  Drone x2  
  138  7:35  Zerg Missile Weapons Level 2  
  140  7:42  Extractor  
  139  7:44  Hydralisk x2  
  139  7:45  Hydralisk x2  
  139  7:46  Extractor  
  144  7:55  Overlord  
  144  8:03  Drone x3  
  144  8:04  Drone x2  
  145  8:09  Viper x2  
  145  8:10  Overlord x2  
  151  8:31  Hydralisk x5  
  151  8:33  Viper  
  161  8:41  Roach x7, Hatchery  
  173  8:48  Drone x2  
  173  8:49  Drone x2  
  175  9:01  Hydralisk x8  
  191  9:08  Evolution Chamber  
  190  9:14  Roach x5  
  200  9:35  Zerg Ground Armor Level 1  
  200  9:38  Spire  
  195  9:59  Spore Crawler  
  194  10:11  Drone x2, Spore Crawler  
  194  10:12  Drone x3  
  198  10:17  Hydralisk  
  200  10:21  Hatchery  
  192  10:39  Hydralisk x5  
  192  10:42  Roach x3  
  198  10:46  Overseer  
  198  10:49  Spire  
  195  10:54  Greater Spire  
  195  10:56  Roach x2  
  199  11:03  Viper x3  
  198  11:10  Viper  
  181  11:23  Hydralisk x6  
  189  11:32  Hydralisk x6  
  174  11:55  Hydralisk x3  
  174  11:58  Overlord x2  
  174  11:59  Overlord x2  
  171  12:04  Hatchery  
Show
View Real Time Build Order
Export as new Build Order

Ryung Terran - Winner!

Build Orders: Gas First Reaper Expand, Reaper Expand, Hellion Banshee, Mech 

Get SALT Encoding   

  12  0:00  SCV  
  13  0:13  SCV  
  14  0:18  Supply Depot  
  14  0:25  SCV  
  15  0:30  Refinery  
  15  0:40  SCV  
  16  0:45  Barracks  
  16  0:52  SCV  
  17  1:04  SCV  
  18  1:16  SCV  
  19  1:32  Reaper, Orbital Command  
  20  1:44  Command Center  
  20  1:55  Factory  
  20  1:58  SCV  
  21  2:07  Barracks Reactor  
  21  2:10  SCV  
  21  2:13  Supply Depot  
  22  2:16  Refinery  
  22  2:22  SCV  
  23  2:35  SCV  
  24  2:46  Starport  
  24  2:47  SCV  
  24  2:51  Hellion x2  
  29  2:53  Barracks Tech Lab  
  29  2:57  Orbital Command  
  29  3:00  SCV  
  30  3:12  SCV  
  35  3:13  Hellion x2  
  35  3:21  Viking  
  35  3:24  SCV  
  35  3:25  SCV  
  39  3:35  Barracks Tech Lab  
  39  3:37  SCV x2  
  39  3:40  Hellion  
  43  3:43  Supply Depot  
  43  3:44  Hellion  
  45  3:49  SCV  
  46  4:04  SCV, Banshee  
  46  4:05  Cloaking Field  
  46  4:06  SCV  
  46  4:09  Supply Depot  
  51  4:16  SCV  
  52  4:18  SCV  
  52  4:24  Command Center  
  53  4:29  SCV  
  53  4:30  SCV  
  55  4:31  Supply Depot  
  55  4:42  SCV  
  55  4:43  SCV  
  55  4:45  Refinery x2  
  55  4:46  Hellion x2  
  55  4:47  Banshee  
  62  4:54  SCV  
  62  4:55  SCV  
  62  4:59  Armory  
  64  5:01  Armory  
  64  5:06  SCV  
  65  5:07  SCV  
  66  5:18  SCV  
  66  5:19  SCV  
  68  5:23  Factory  
  68  5:24  Factory  
  68  5:28  Supply Depot  
  68  5:34  SCV x2  
  70  5:37  Orbital Command  
  70  5:41  Hellion x2  
  74  5:46  SCV x2  
  76  5:51  Starport Reactor  
  76  5:53  Supply Depot x2, Terran Vehicle Weapons Level 1  
  76  5:55  Terran Vehicle And Ship Armor Level 1  
  76  6:01  SCV x2  
  76  6:02  SCV  
  79  6:14  Refinery  
  79  6:15  Refinery  
  79  6:17  Thor  
  85  6:23  Thor  
  91  6:30  SCV x3  
  91  6:31  Medivac  
  96  6:35  Supply Depot  
  96  6:37  Supply Depot, Medivac  
  98  6:42  SCV x2  
  98  6:44  Hellion x2  
  98  6:45  SCV  
  105  6:54  Supply Depot, SCV x2  
  107  6:57  SCV  
  108  7:03  Siege Tank  
  108  7:06  SCV x2, Siege Tank  
  116  7:09  SCV  
  117  7:20  Barracks Reactor  
  117  7:22  Factory  
  117  7:23  Factory  
  117  7:25  Supply Depot  
  117  7:26  SCV x2  
  117  7:27  Command Center  
  117  7:28  SCV  
  120  7:34  Hellion x2  
  120  7:35  Siege Tank  
  127  7:42  Supply Depot, Siege Tank  
  127  7:43  Supply Depot  
  130  7:52  Terran Vehicle And Ship Armor Level 2, Terran Vehicle Weapons Level 2  
  130  7:57  SCV x3  
  135  7:58  Hellion  
  135  7:59  Hellion  
  135  8:04  Viking x2  
  141  8:08  Factory Tech Lab  
  141  8:10  Supply Depot  
  141  8:12  Engineering Bay  
  141  8:13  Siege Tank  
  144  8:24  Siege Tank  
  147  8:31  Siege Tank  
  150  8:36  Infernal Pre-Igniter  
  150  8:45  Viking x2, Siege Tank  
  157  8:49  Refinery  
  157  8:56  Siege Tank  
  157  8:57  Refinery  
  157  9:00  Planetary Fortress  
  160  9:03  SCV x3  
  163  9:15  Missile Turret, Viking  
  163  9:16  Missile Turret, SCV x2  
  167  9:17  Command Center  
  167  9:24  Viking  
  167  9:27  Siege Tank x2  
  167  9:29  Hellion x2  
  179  9:34  Hellion x2  
  179  9:36  Supply Depot  
  183  9:38  Supply Depot  
  177  9:56  Viking x2  
  177  9:58  Starport  
  177  9:59  Starport x2  
  178  10:07  Command Center  
  178  10:08  Sensor Tower  
  178  10:12  Siege Tank x2  
  178  10:13  Siege Tank  
  187  10:33  Viking x2  
  179  10:40  Viking x3  
  182  10:51  Orbital Command, Starport  
  182  10:52  Refinery  
  179  11:05  Refinery  
  179  11:09  Command Center  
  179  11:10  Siege Tank x2  
  185  11:14  Hellion x2  
  185  11:15  Hellion  
  185  11:17  SCV  
  182  11:19  SCV x3  
  181  11:29  SCV  
  181  11:31  SCV x2  
  184  11:35  Viking  
  184  11:36  Viking x3  
  192  11:44  Siege Tank x2  
  192  11:46  Hellion  
  199  11:49  Hellion  
  199  11:53  SCV  
  187  11:58  SCV x2  
  180  12:07  Hellion x3  
  179  12:16  SCV x3  
  184  12:29  Starport Tech Lab x3  

Tags
 
Add a new tag
Caveats
  • Supply blocks, unpowered buildings, or Contaminate may cause inaccurate times.
  • Supply counts are checked every 10 seconds.